 Dungeon Crawl Stone Soup version 0.28.0-47-ge53b351184 (webtiles) character file.

Game seed: 11457752622567118393

5847 101zpm the Thaumaturge (level 11, -3/65 HPs)
             Began as a Djinni Fire Elementalist on May 1, 2022.
             Was a Follower of Qazlal.
             Slain by a wight
             ... wielding a +3 flail of freezing
              (4 damage)
             ... on level 9 of the Dungeon.
             The game lasted 00:45:35 (15575 turns).

101zpm the Thaumaturge (Djinni Fire Elementalist)  Turns: 15575, Time: 00:45:36

Health: -3/65      AC:  7    Str:  7    XL:     11   Next: 7%
Gold:   859        EV: 16    Int: 22    God:    Qazlal [*.....] SH:  2 Dex: 19

rFire   + + .      SeeInvis .   n - +2 scimitar (flame)
rCold   x . .      Faith    .   (no shield)
rNeg    . . .      Spirit   .   N - +0 acid dragon scales
rPois   ∞          Reflect  .   (no helmet)
rElec   .          Harm     .   (no cloak)
rCorr   +          Rampage  .   (no gloves)
Will    +....                   (boots unavailable)
Stlth   ++........              i - amulet of the acrobat
HPRegen 0.20/turn               B - +6 ring of dexterity
MPRegen 0.00/turn               A - +4 ring of evasion

@: flying
A: sickness immunity, fire resistance 2, cold vulnerability 1, float, innate
caster, HP casting, extra vitality 1
a: Renounce Religion


You were on level 9 of the Dungeon.
You worshipped Qazlal.
Qazlal was aware of your devotion.
You visited 2 branches of the dungeon, and saw 11 of its levels.

You collected 859 gold pieces.

Inventory:

Hand Weapons
 b - a +2 war axe of freezing
 n - a +2 scimitar of flaming (weapon)
 J - a +4 mace
 M - a +4 morningstar
Missiles
 c - a throwing net
 o - 6 boomerangs
 w - 2 boomerangs of dispersal
 E - 226 stones
 F - 10 poisoned darts
 G - 47 arrows
 H - 80 bolts
 I - 93 sling bullets
Armour
 v - a +2 leather armour of cold resistance
 N - +0 acid dragon scales (worn)
Magical Staves
 p - a staff of cold
Jewellery
 a - a +4 ring of protection
 i - an amulet of the acrobat (around neck)
 A - a +4 ring of evasion (right hand)
 B - a +6 ring of dexterity (left hand)
 K - a ring of positive energy
 O - a ring of see invisible
 P - an amulet of faith
Wands
 h - a wand of flame (45)
 k - a wand of paralysis (6)
Scrolls
 e - 2 scrolls of blinking
 j - a scroll of summoning {unknown}
 q - 2 scrolls of enchant armour
 u - 3 scrolls of holy word {unknown}
 x - a scroll of fear {unknown}
 y - 5 scrolls of teleportation
 C - a scroll of enchant weapon {unknown}
 D - 4 scrolls of noise
 Q - a scroll of identify
 R - a scroll of silence {unknown}
Potions
 d - 5 potions of degeneration {unknown}
 f - 2 potions of invisibility {unknown}
 g - 2 potions of might {unknown}
 l - 4 potions of brilliance {unknown}
 m - 6 potions of heal wounds {unknown}
 r - a potion of mutation {unknown}
 s - 4 potions of lignification {unknown}
 t - 3 potions of attraction {unknown}
 z - a potion of haste {unknown}
 L - a potion of resistance {unknown}


   Skills:
 + Level 0.2 Fighting
 + Level 4.2 Armour
 + Level 3.3 Dodging
 + Level 4.1 Stealth
 + Level 0.5 Shields
 + Level 11.4 Spellcasting


You had 5 spell levels left.
You knew the following spells:

 Your Spells              Type           Power      Damage    Failure   Level
a - Foxfire               Conj/Fire      100%       2x1d9     1%          1
b - Scorch                Fire           100%       2d10      1%          2
c - Conjure Flame         Conj/Fire      58%        6-21      1%          3
d - Inner Flame           Hex/Fire       58%        N/A       1%          3
e - Flame Wave            Conj/Fire      58%        2d11      1%          4
f - Beastly Appendage     Tmut           100%       N/A       1%          1
g - Passwall              Tmut/Erth      48%        N/A       1%          2
h - Static Discharge      Conj/Air       58%        N/A       1%          2
i - Sticky Flame          Conj/Fire      58%        2d7       1%          4
j - Agony                 Necr           58%        N/A       2%          5
Your spell library was empty.

Dungeon Overview and Level Annotations

Branches:
Dungeon (10/15)            Temple (1/1) D:5
   Lair: D:8-11         Orc: D:9-12

Altars:
Ashenzari
Dithmenos
Elyvilon
Fedhas
Gozag
Hepliaklqana
Kikubaaqudgha
Makhleb
Nemelex Xobeh
Okawaru
Qazlal
Ru
Sif Muna
Trog
Uskayaw
Vehumet
Xom
Yredelemnul
Zin
The Shining One

Shops:
D:4 (   D:7 [

Annotations:
D:6 2 transporters, Menkaure


Innate Abilities, Weirdness & Mutations

You are immune to sickness and miasma.
You are immune to poison.
Your flesh is very heat resistant. (rF++)
You are vulnerable to cold. (rC-)
You float through the air rather than walking.
You learn spells naturally, not from books.
Your magical power is your life essence.
You have superior vitality. (+4 MHP)


Message History

You are too injured to fight recklessly!
Casting: Foxfire (safe; 1% risk of failure)
Press: ? - help, Q - select action, (/) - cycle Dir - look around, f - activate You conjure some foxfire!
* * * LOW HITPOINT WARNING * * *
The vampire mosquito is engulfed in freezing vapours.
Flame seeps out of the vampire mosquito.
The vampire mosquito closely misses you.
The vampire mosquito is engulfed in freezing vapours.
Qazlal accepts your kill.
The vampire mosquito explodes!
You hear a sizzling sound!
The fiery explosion engulfs you! You resist.
* * * LOW HITPOINT WARNING * * *
You hear an angry buzzing noise. x2
Your foxfire dissipates!
The foxfire hits the bullfrog.
Flame seeps out of the bullfrog.
The bullfrog is severely wounded.
The bullfrog is engulfed in blazing flames.
Qazlal accepts your kill.
The bullfrog explodes!
You hear an angry buzzing noise.
There is a stone staircase leading up here.
You start resting.
A killer bee comes into view.
The killer bee buzzes angrily.
You fly upwards.
A boulder beetle comes into view.
The wight misses you.
The wight hits you from afar with a +4 halberd.
The wight closely misses you.
Found 20 sling bullets, 16 gold pieces, 26 stones and a scale mail.
There is a stone staircase leading down here.
The boulder beetle leaps!
The wight hits you from afar with a +4 halberd!
* * * LOW HITPOINT WARNING * * *
The wight hits you with a +3 flail of freezing!
* * * LOW HITPOINT WARNING * * *
The wight freezes you.
You die...

###.[ .(..
.B. ##
#..## ...
#.... ....
#...# .....
#.z.#z....$
#..@.zz#
#..(○###.#
####. ..
##. .. #.
#.


You could see a boulder beetle and 4 wights.

Vanquished Creatures
  Erica (D:8)
  Joseph (D:8)
  Maggie (D:7)
  An unseen horror (D:10)
  A hornet (D:8)
  The ghost of asishallab the Chopper, an amateur DrGl (D:4)
  A shadow (D:9)
  Eustachio (D:6)
  A yak (D:10)
  A steam dragon (D:8)
  A vampire mosquito (D:10)
  An acid dragon (D:8)
  An orc warrior (D:6)
  A black bear (D:5)
  A necrophage (D:6)
  3 ogres
  A centaur (D:4)
  A phantom (D:4)
  A kobold brigand (D:6)
  4 bullfrogs
  3 scorpions
  A water moccasin skeleton (D:5)
  A wyvern skeleton (D:7)
  10 killer bees
  11 wights
  5 howler monkeys
  A centaur zombie (D:9)
  3 bullfrog zombies
  4 hounds
  A bullfrog skeleton (D:6)
  2 orc priests
  4 iguanas
  5 orc wizards
  A killer bee zombie (D:6)
  A howler monkey zombie (D:8)
  4 adders
  3 gnolls (D:7)
  A white imp (D:6)
  A worm (D:3)
  A dart slug (D:1)
  22 orcs
  4 endoplasms
  A giant cockroach (D:4)
  3 goblins
  13 hobgoblins
  3 jackals (D:2)
  6 quokkas
  8 ball pythons
  9 bats
  4 frilled lizards
  13 kobolds
  5 rats
  7 bushes (D:1)
  A foxfire (D:8)
187 creatures vanquished.

Vanquished Creatures (collateral kills)
  51 foxfires
51 creatures vanquished.

Vanquished Creatures (others)
  800 foxfires
  22 fungi (D:10)
  18 plants
840 creatures vanquished.

Grand Total: 1078 creatures vanquished

Notes
Turn   | Place    | Note
-------+----------+-------------------------------------------
     0 | D:1      | 101zpm the Djinni Fire Elementalist began the quest for the
                  | Orb.
     0 | D:1      | Reached XP level 1. HP: 15/15 MP: 0/0
   481 | D:1      | Reached XP level 2. HP: 18/21 MP: 0/0
   783 | D:2      | Reached skill level 3 in Spellcasting
   856 | D:3      | Reached XP level 3. HP: 13/25 MP: 0/0
   856 | D:3      | Learned a level 1 spell: Beastly Appendage
  1383 | D:4      | Found a runed translucent gate.
  1384 | D:4      | Found a runed translucent gate.
  1386 | D:4      | Found a runed translucent gate.
  1388 | D:4      | Noticed asishallab's ghost (amateur DrGl)
  1561 | D:5      | Entered Level 5 of the Dungeon
  1571 | D:5      | Reached XP level 4. HP: 22/31 MP: 0/0
  2055 | D:5      | Reached XP level 5. HP: 20/35 MP: 0/0
  2055 | D:5      | Learned a level 2 spell: Passwall
  2055 | D:5      | Noticed an ogre
  2059 | D:5      | Reached skill level 4 in Spellcasting
  2062 | D:5      | Killed an ogre
  2063 | D:5      | Reached XP level 6. HP: 12/40 MP: 0/0
  2567 | D:6      | Noticed a necrophage
  2580 | D:6      | Killed a necrophage
  2933 | D:6      | Found a blossoming altar of Fedhas.
  2940 | D:6      | Reached skill level 5 in Spellcasting
  3014 | D:6      | Reached XP level 7. HP: 38/45 MP: 0/0
  3014 | D:6      | Learned a level 2 spell: Static Discharge
  3014 | D:6      | Noticed Eustachio
  3019 | D:6      | Killed Eustachio
  3510 | D:6      | Reached skill level 6 in Spellcasting
  3737 | D:5      | Reached XP level 8. HP: 45/50 MP: 0/0
  4056 | D:5      | Found a staircase to the Ecumenical Temple.
  4273 | D:5      | Found a glowing silver altar of Zin.
  4888 | D:6      | Reached skill level 7 in Spellcasting
  5283 | D:6      | Noticed a wraith
  5284 | D:6      | Found a transporter.
  5299 | D:6      | Found a transporter.
  5383 | D:6      | Found a basalt altar of Yredelemnul.
  5384 | D:6      | Noticed Menkaure
  5743 | D:4      | Found Heczo's Weapon Emporium.
  6375 | D:4      | Reached XP level 9. HP: 51/55 MP: 0/0
  6375 | D:4      | Learned a level 4 spell: Sticky Flame
  7581 | D:3      | Found a faded altar of an unknown god.
  8595 | D:1      | Reached skill level 8 in Spellcasting
 10333 | D:4      | Killed asishallab's ghost
 10334 | D:4      | Reached skill level 1 in Armour
 10773 | Temple   | Entered the Ecumenical Temple
 10780 | Temple   | Became a worshipper of Qazlal Stormbringer
 11365 | D:8      | Reached skill level 9 in Spellcasting
 11394 | D:8      | Reached * piety under Qazlal
 11824 | D:7      | Noticed Maggie
 11832 | D:7      | Killed Maggie
 11833 | D:7      | Reached XP level 10. HP: 50/60 MP: 0/0
 13033 | D:7      | Found Hiugoifu's Antique Armour Shoppe.
 13094 | D:8      | Reached skill level 10 in Spellcasting
 13427 | D:8      | Noticed Joseph
 13439 | D:8      | Killed Joseph
 14409 | D:8      | Noticed Erica
 14415 | D:8      | Killed Erica
 14699 | D:9      | Noticed a cyclops
 15199 | D:9      | Reached skill level 11 in Spellcasting
 15356 | D:10     | Entered Level 10 of the Dungeon
 15366 | D:10     | Killed an unseen horror
 15467 | D:10     | Reached XP level 11. HP: 21/65 MP: 0/0
 15467 | D:10     | Learned a level 5 spell: Agony
 15574 | D:9      | Noticed a boulder beetle
 15575 | D:9      | HP: 1/65 [wight/+3 flail of freezing (7)]
 15575 | D:9      | Slain by a wight

Illustrated notes

Levels and vault maps discovered:
D:1:      beargit_arrival_greenhouse, layout_basic, minmay_hedge_maze
D:2:      layout_rooms, chequers_mini_garden, st_stairs_13,
          hangedman_decor_clover_reticule, bh_walls_and_bars
D:3:      layout_loops_ring, ebering_ecumenical_altar_box
D:4:      layout_basic, gammafunk_ghost_split, nicolae_stop_n_shop_2,
          nicolae_concentric_dashed_squares_mild
D:5:      layout_cave_pods, zin_treasury, minmay_temple_entry_overgrown
D:6:      mumra_celtic_spiral_tile, layout_loops_corners,
          gammafunk_temple_of_torment, mainiacjoe_overflow_large_starburst,
          minmay_unpleasant_kobolds, uniq_eustachio
D:7:      layout_basic, serial_shops, shop, uniq_maggie
D:8:      layout_rooms, minivault_5, nicolae_straight_to_the_point, uniq_joseph,
          uniq_erica
D:9:      nzn_winding_woodlands_three_and_one
          [nzn_winding_woodlands_5x15_pathside_ponds,
          nzn_winding_woodlands_5x15_crooked, nzn_winding_woodlands_5x15_eye,
          nzn_winding_woodlands_center_garden], layout_basic
D:10:     layout_roguey, mainiacjoe_overflow_divided_tiny,
          grunt_lair_entry_orc_guard_hut, grunt_decor_junction
Temple:   regret_index_temple_waves

Skill      XL: |  1  2  3  4  5  6  7  8  9 10 |
---------------+-------------------------------+-----
Spellcasting   | 3 4 5 6 7 9 11 | 11.4
Stealth        | 2 3 4 |  4.1
Dodging        | 3 |  3.3
Armour         | 3 4 |  4.2
Fighting       | |  0.2
Shields        | |  0.5

Action                   |  1- 3 |  4- 6 |  7- 9 | 10-12 || total
-------------------------+-------+-------+-------+-------++-------
Melee: War axe           |       |       |    18 |       ||    18
 Cast: Foxfire           |    87 |    31 |   306 |   114 ||   538
       Scorch            |     1 |     7 |    32 |    13 ||    53
       Inner Flame       |       |     9 |    74 |    32 ||   115
       Conjure Flame     |       |       |     1 |       ||     1
       Beastly Appendage |       |       |     1 |       ||     1
       Passwall          |       |       |       |     2 ||     2
       Sticky Flame      |       |       |       |     1 ||     1
  Use: Scroll            |       |       |     1 |     6 ||     7
Armor: Robe              |     2 |     1 |     1 |       ||     4
       Leather armour    |       |       |     7 |       ||     7
       Acid dragon scale |       |       |       |     1 ||     1
Dodge: Dodged            |     6 |     5 |    32 |     7 ||    50
Block: Other             |       |       |       |     3 ||     3
